 Dungeon Crawl Stone Soup version 0.31.0-32-g396128a36d (webtiles) character file.

Game seed: 8254291001792733555

41286 TombstoneGhost the Tortoise (level 13, -9/125 HPs)
             Began as a Minotaur Berserker on Mar 13, 2024.
             Was a Believer of Trog.
             Mangled by a tyrant leech (23 damage)
             ... on level 5 of the Lair of Beasts.
             The game lasted 01:06:30 (16383 turns).

TombstoneGhost the Tortoise (Minotaur Berserker)   Turns: 16383, Time: 01:06:30

Health: -9/125     AC: 21    Str: 35    XL:     13   Next: 79%
Magic:  12/12      EV: 12    Int: 10    God:    Trog [**....]
Gold:   941        SH:  0    Dex: 10    Spells: 12/12 levels left

rFire   . . .        I - +4 mace of Teuleuq {heavy, ^Contam Will+ Int+4}
rCold   . . .        (no shield)
rNeg    . . .        k - +4 chain mail of Noivi {Str+4 Int+2}
rPois   .            (helmet restricted)
rElec   .            (no cloak)
rCorr   .            (no gloves)
SInv    .            (no boots)
Will    +....        (no amulet) Stlth
                     A - +4 ring of protection
HPRegen 0.40/turn    D - +6 ring of strength
MPRegen 0.13/turn

%: no passive effects
@: on berserk cooldown, slowed, very slow
A: horns 2, retaliatory headbutt, weak 1
a: Renounce Religion, Berserk, Trog's Hand


You were on level 5 of the Lair of Beasts.
You worshipped Trog.
Trog was pleased with you.
You visited 3 branches of the dungeon, and saw 13 of its levels.

You collected 941 gold pieces.

Inventory:

Hand Weapons
 a - a +0 hand axe
 c - the +8 sling of Mepnal {drain, rF+}
   (You found it on level 5 of the Lair of Beasts)

   rF+:       It protects you from fire.
 n - a +0 battleaxe
 I - the +4 mace of Teuleuq (weapon) {heavy, ^Contam Will+ Int+4}
   (You found it on level 8 of the Dungeon)

   Int+4:     It affects your intelligence (+4).
   Will+:     It increases your willpower.
   ^Contam:   It causes magical contamination when unequipped.
 L - a +1 war axe of draining
Missiles
 q - 4 throwing nets (quivered)
Armour
 b - a +0 animal skin
 k - the +4 chain mail of Noivi (worn) {Str+4 Int+2}
   (You found it on level 2 of the Dungeon)

   Str+4:     It affects your strength (+4).
   Int+2:     It affects your intelligence (+2).
Jewellery
 e - a ring of protection from fire
 f - a ring of ice
 g - a ring of positive energy
 A - a +4 ring of protection (left hand)
 D - a +6 ring of strength (right hand)
 J - a ring of ice
Wands
 l - a wand of polymorph (16)
 w - a wand of mindburst (15)
 y - a wand of quicksilver (8)
 E - a wand of iceblast (22)
 G - a wand of paralysis (3)
Scrolls
 h - 2 scrolls of butterflies
 j - a scroll of brand weapon
 m - 2 scrolls of enchant armour
 o - a scroll of enchant weapon
 t - a scroll of immolation {unknown}
 x - 4 scrolls of poison
 z - 5 scrolls of teleportation
 B - a scroll of torment {unknown}
 F - a scroll of fog {unknown}
 K - a scroll of vulnerability {unknown}
 M - a scroll of noise {unknown}
 P - a scroll of fear {unknown}
 Q - 2 scrolls of identify
 R - a scroll of silence {unknown}
Potions
 d - a potion of enlightenment
 i - a potion of ambrosia {unknown}
 p - 5 potions of degeneration {unknown}
 s - 2 potions of haste {unknown}
 u - a potion of might {unknown}
 C - a potion of cancellation {unknown}
 H - 4 potions of mutation {unknown}
 N - a potion of heal wounds {unknown}
 O - 3 potions of invisibility {unknown}


   Skills:
 + Level 14.4 Fighting
 + Level 14.3(15.5) Axes
 + Level 10.1(13.4) Maces & Flails
 + Level 1.3 Throwing
 * Level 16.2 Armour
 + Level 7.6 Dodging
 + Level 3.3 Stealth


You had 12 spell levels left.
You didn't know any spells.
Your spell library was empty.

Dungeon Overview and Level Annotations

Branches:
Dungeon (8/15)             Temple (1/1) D:5            Lair (5/5) D:8
  Swamp (0/4) Lair:3       Spider (0/4) Lair:2        Slime (0/5) Lair:4

Altars:
Ashenzari
Cheibriados
Dithmenos
Elyvilon
Fedhas
Gozag
Hepliaklqana
Kikubaaqudgha
Makhleb
Nemelex Xobeh
Okawaru
Qazlal
Ru
Sif Muna
Trog
Uskayaw
Vehumet
Xom
Yredelemnul
Zin
The Shining One
Jiyva

Shops:
D:5 *   D:8 ?


Innate Abilities, Weirdness & Mutations

You have a pair of horns on your head.
You reflexively headbutt those who attack you in melee.
You are weak. (Str -2)


Message History

You kill the lindwurm!
Trog accepts your kill.
You feel the effects of Trog's Hand fading.
The tyrant leech barely misses you.
You see here a lindwurm corpse.
You miss the tyrant leech. Your punch misses the tyrant leech.
You closely miss the tyrant leech. You headbutt the tyrant leech!
The tyrant leech is moderately wounded.
The tyrant leech bites you!!
* * * LOW HITPOINT WARNING * * *
The tyrant leech draws strength from your injuries!
You miss the tyrant leech. You headbutt the tyrant leech!
The tyrant leech is moderately wounded.
You miss the tyrant leech. You headbutt the tyrant leech!
The tyrant leech is heavily wounded.
The tyrant leech bites you but does no damage.
You thump the tyrant leech! You headbutt the tyrant leech!!
The tyrant leech is almost dead.
You barely miss the tyrant leech.
The tyrant leech is almost dead.
Your skin stops crawling.
You feel less strong-willed. The tyrant leech bites you!!
* * * LOW HITPOINT WARNING * * *
The tyrant leech draws strength from your injuries!
You miss the tyrant leech. Your headbutt misses the tyrant leech.
The tyrant leech is severely wounded.
You are no longer berserk.
You are exhausted.
You feel yourself slow down. The tyrant leech bites you.
* * * LOW HITPOINT WARNING * * *
The tyrant leech draws strength from your injuries!
You closely miss the tyrant leech.
The tyrant leech is heavily wounded.
The tyrant leech bites you.
* * * LOW HITPOINT WARNING * * *
The tyrant leech draws strength from your injuries!
You miss the tyrant leech.
The tyrant leech is heavily wounded.
The tyrant leech misses you. The tyrant leech bites you!!
You die...

##.....##
#.#....######
##.#....P.#.#
####.......#####
##....#...#.# ##
##...####...###
.# ##...#.#
##...⌠#
.###P..#.##
##...##
##PP..#.##
##@..#
###....).#
#...w##
##.......#
#.....##
##P......#
#....)#
##.#...##
##.(..# #######
##..## ###


You could see a tyrant leech.

Vanquished Creatures
  9 hydras
  A boulder beetle (Lair:2)
  2 two-headed ogres
  3 death yaks (Lair:1)
  Nergalle (Lair:3)
  3 skysharks
  Pikel (D:7)
  A lindwurm (Lair:5)
  11 elephants (Lair:1)
  3 black mambas
  5 torpor snails (Lair:5)
  14 cane toads
  7 komodo dragons
  5 rime drakes
  7 polar bears
  3 hornets
  15 blink frogs
  2 tyrant leeches (Lair:5)
  36 yaks
  3 basilisks
  4 wyverns
  10 water moccasins
  6 ice beasts
  A sky beast (D:7)
  2 black bears
  An ogre (D:5)
  A centaur (D:8)
  10 wolves
  4 phantoms
  13 bullfrogs
  A gnoll sergeant (D:8)
  A kobold brigand (D:7)
  3 killer bees (D:8)
  A howler monkey (D:4)
  An electric eel (Lair:1)
  A jelly (D:7)
  A bombardier beetle (D:7)
  2 orc priests
  2 hounds (D:5)
  4 orc wizards
  11 gnolls
  3 adders
  2 ufetubi (D:5)
  2 ribbon worms
  12 orcs
  7 endoplasms
  5 giant cockroaches
  10 goblins
  4 hobgoblins
  3 jackals (D:1)
  3 quokkas
  2 ball pythons
  4 bats
  12 kobolds
  10 rats
291 creatures vanquished.

Notes
Turn   | Place    | Note
-------+----------+-------------------------------------------
     0 | D:1      | TombstoneGhost the Minotaur Berserker began the quest for
                  | the Orb.
     0 | D:1      | Reached XP level 1. HP: 19/19 MP: 0/0
   202 | D:1      | Reached XP level 2. HP: 22/27 MP: 1/1
   456 | D:1      | Reached XP level 3. HP: 33/33 MP: 2/2
   589 | D:2      | Found a faded altar of an unknown god.
   711 | D:2      | Reached ** piety under Trog
   855 | D:2      | Identified the +4 chain mail of Noivi {Str+4 Int+2}
   865 | D:2      | Reached XP level 4. HP: 41/41 MP: 3/3
   868 | D:2      | Reached skill level 5 in Axes
  1691 | D:3      | Reached skill level 1 in Stealth
  1691 | D:3      | Reached XP level 5. HP: 47/47 MP: 4/4
  1988 | D:3      | Reached skill level 3 in Armour
  2725 | D:4      | Reached XP level 6. HP: 55/55 MP: 5/5
  2738 | D:4      | Reached skill level 5 in Fighting
  2959 | D:5      | Entered Level 5 of the Dungeon
  2959 | D:5      | Found Kureesom's Lightly-Used Armoury.
  3105 | D:5      | Found a staircase to the Ecumenical Temple.
  3140 | D:5      | Reached skill level 4 in Armour
  3431 | D:5      | Reached XP level 7. HP: 61/61 MP: 6/6
  3509 | Temple   | Entered the Ecumenical Temple
  3836 | D:5      | Reached skill level 5 in Armour
  3984 | D:5      | Found a sparkling altar of Nemelex Xobeh.
  4134 | D:5      | Found a glowing golden altar of the Shining One.
  4134 | D:5      | Found a glowing silver altar of Zin.
  4134 | D:5      | Found a hide-covered altar of Uskayaw.
  4134 | D:5      | Found an iron altar of Okawaru.
  4136 | D:5      | Found a snail-covered altar of Cheibriados.
  4138 | D:5      | Found an opulent altar of Gozag.
  4139 | D:5      | Found a broken altar of Ashenzari.
  4140 | D:5      | Found a blossoming altar of Fedhas.
  4299 | D:5      | You fall into a shaft and drop 2 floors!
  4345 | D:7      | Reached XP level 8. HP: 70/70 MP: 7/7
  4390 | D:7      | Noticed a hornet
  4393 | D:7      | Paralysed by a hornet for 1 turns
  4398 | D:7      | Killed a hornet
  4399 | D:7      | Reached skill level 6 in Armour
  4712 | D:7      | Noticed a two-headed ogre
  4719 | D:7      | Killed a two-headed ogre
  4720 | D:7      | Reached skill level 10 in Axes
  4720 | D:7      | Reached skill level 7 in Armour
  4720 | D:7      | Reached XP level 9. HP: 79/79 MP: 8/8
  5273 | D:7      | Noticed Pikel
  5281 | D:7      | Killed Pikel
  5282 | D:7      | Reached skill level 8 in Armour
  5766 | D:8      | Noticed a rime drake
  5767 | D:8      | Reached skill level 9 in Armour
  5785 | D:8      | Killed a rime drake
  5868 | D:8      | Found a staircase to the Lair.
  6117 | D:8      | Found Qotsem's Magic Scroll Shoppe.
  6162 | D:8      | Identified the +4 mace of Teuleuq {heavy, ^Contam Will+
                  | Int+4}
  6200 | D:8      | Noticed a two-headed ogre
  6207 | D:8      | Killed a two-headed ogre
  6208 | D:8      | Reached XP level 10. HP: 52/90 MP: 9/9
  6584 | D:8      | Reached skill level 10 in Armour
  6822 | Lair:1   | Entered Level 1 of the Lair of Beasts
  6859 | Lair:1   | Noticed an elephant
  6859 | Lair:1   | Noticed an elephant
  6861 | Lair:1   | Noticed an elephant
  6868 | Lair:1   | Killed an elephant
  6869 | Lair:1   | Reached skill level 1 in Maces & Flails
  6896 | Lair:1   | Killed an elephant
  6909 | Lair:1   | Killed an elephant
  7162 | Lair:1   | Noticed an elephant
  7163 | Lair:1   | Noticed an elephant
  7164 | Lair:1   | Noticed an elephant
  7164 | Lair:1   | Noticed an elephant
  7164 | Lair:1   | Noticed an elephant
  7165 | Lair:1   | Noticed a death yak
  7166 | Lair:1   | Noticed an elephant
  7218 | Lair:1   | Killed an elephant
  7219 | Lair:1   | Reached skill level 11 in Armour
  7404 | Lair:1   | Noticed a cane toad
  7409 | Lair:1   | Killed a cane toad
  7410 | Lair:1   | Reached skill level 5 in Dodging
  7461 | Lair:1   | Noticed a cane toad
  7467 | Lair:1   | Killed a cane toad
  7797 | D:8      | Reached XP level 11. HP: 57/97 MP: 10/10
  7798 | D:8      | Reached skill level 5 in Maces & Flails
  8030 | Lair:1   | Noticed a death yak
  8043 | Lair:1   | Killed a death yak
  8158 | Lair:1   | Noticed a death yak
  8229 | Lair:1   | Reached skill level 12 in Armour
  8238 | Lair:1   | Reached skill level 10 in Fighting
  9247 | Lair:1   | Killed a death yak
  9251 | Lair:1   | Killed a death yak
  9304 | Lair:1   | Reached skill level 1 in Throwing
  9429 | Lair:2   | Gained mutation: You are weak. (Str -2) [mutagenic glow]
  9438 | Lair:2   | Reached skill level 13 in Armour
  9449 | Lair:2   | Reached XP level 12. HP: 108/108 MP: 11/11
  9749 | Lair:2   | Noticed a boulder beetle
  9757 | Lair:2   | Killed a boulder beetle
  9959 | Lair:2   | Found a hole to the Spider Nest.
 11314 | Lair:3   | Noticed an eight-headed hydra
 11324 | Lair:3   | Killed a 14-headed hydra
 11517 | Lair:3   | Noticed a six-headed hydra
 11532 | Lair:3   | Killed a 13-headed hydra
 11737 | Lair:3   | Noticed Nergalle
 11745 | Lair:3   | Killed Nergalle
 11746 | Lair:3   | Reached skill level 14 in Armour
 11787 | Lair:3   | Found a staircase to the Swamp.
 11787 | Lair:3   | Noticed an eight-headed hydra
 11796 | Lair:3   | Killed a 12-headed hydra
 11849 | Lair:3   | Noticed a four-headed hydra
 11855 | Lair:3   | Killed an eight-headed hydra
 13089 | Lair:4   | Found a viscous altar of Jiyva.
 13090 | Lair:4   | Found a staircase to the Slime Pits.
 13216 | Lair:4   | Reached XP level 13. HP: 119/119 MP: 12/12
 13237 | Lair:4   | Reached skill level 15 in Armour
 14356 | Lair:5   | Entered Level 5 of the Lair of Beasts
 14493 | Lair:5   | HP: 3/124 [12-headed hydra (6)]
 14493 | Lair:5   | HP: 1/124 [12-headed hydra (2)]
 14532 | Lair:5   | HP: 5/124 [blink frog (2)]
 16013 | Lair:5   | Reached skill level 16 in Armour
 16019 | Lair:5   | HP: 2/125 [tyrant leech (21)]
 16346 | Lair:5   | Identified the +8 sling of Mepnal {drain, rF+}
 16368 | Lair:5   | Paralysed by a hornet for 1 turns
 16370 | Lair:5   | Reached skill level 10 in Maces & Flails
 16383 | Lair:5   | Mangled by a tyrant leech

Illustrated notes

Levels and vault maps discovered:
D:1:      matt_arrival_spirals, layout_basic, kennysheep_flooded_box
D:2:      layout_basic, dreamdust_ecumenical_altar_grove, serial_glass,
          glass_columns_a, glass_columns_b, minivault_5, minmay_pentomino_v4
D:3:      layout_loops_ring
D:4:      layout_rooms, minmay_misc_feat_alley, due_unseen_surprise
D:5:      layout_loops_ring, minitemple, temple_doors_e, solitary_fountain,
          hangedman_glass_teeth, minmay_shop_damaged
D:7:      layout_cave_pods, uniq_pikel
D:8:      layout_loops_cross, hellmonk_lair_entry_icy, serial_shops, shop,
          hangedman_abyss_or_decor_clamps
Temple:   nicolae_temple_hex_pool
Lair:1:   layout_chaotic_city, nicolae_lair_grazing_beasts
          [nicolae_sub_lair_graze_edge, nicolae_sub_lair_graze_edge,
          nicolae_sub_lair_graze_edge, nicolae_sub_lair_graze_edge]
Lair:2:   layout_chaotic_city, dummy_spider_entry, minivault_19,
          lemuel_fruit_tree
Lair:3:   layout_regular_city, swamp_mist_pool, uniq_nergalle
Lair:4:   layout_layer_cave, slime_entry_1, serial_bayou_shore_b,
          serial_bayou_shore_a
Lair:5:   wormcave, layout_misc_corridors, st_stairs_9,
          nicolae_lair_time_for_slime, grunt_megastairs_5

Skill      XL: |  1  2  3  4  5  6  7  8  9 10 11 12 13 |
---------------+----------------------------------------+-----
Fighting       | 4 5 6 7 8 9 10 12 14 | 14.4
Axes           | 4 5 6 7 8 10 12 13 14 | 14.3
Stealth        | 1 2 3 |  3.3
Dodging        | 3 4 5 6 7 |  7.6
Armour         | 3 4 5 7 9 11 13 14 16 | 16.2
Maces & Flails | 4 9 10 | 10.1
Throwing       | 1 |  1.3

Action                     |  1- 3 |  4- 6 |  7- 9 | 10-12 | 13-15 || total
---------------------------+-------+-------+-------+-------+-------++-------
  Melee: Hand axe          |    71 |   111 |   167 |       |       ||   349
         Headbutt          |     8 |    19 |    27 |    76 |    34 ||   164
         Punch             |     1 |     1 |       |     8 |     5 ||    15
         Mace              |       |       |     5 |   158 |    85 ||   248
         War axe           |       |       |       |   185 |    75 ||   260
  Throw: Throwing net      |       |       |       |     2 |       ||     2
 Invoke: Berserk           |     1 |     3 |    10 |    22 |     8 ||    44
         Trog's Hand       |     1 |     1 |     6 |    12 |     5 ||    25
    Use: Scroll            |       |     4 |     2 |     2 |     6 ||    14
         Potion            |       |       |       |     2 |     8 ||    10
   Stab: Sleeping          |     1 |       |       |       |       ||     1
 Armour: Animal skin       |    39 |     3 |       |       |       ||    42
         Chain mail        |       |    74 |   127 |   434 |   321 ||   956
         Skin              |       |       |       |       |     2 ||     2
  Dodge: Dodged            |    45 |    35 |    48 |   225 |   163 ||   516
